 Dungeon Crawl Stone Soup version 0.28-a0-819-g6ef7baa362 (webtiles) character file.

Game seed: 3954148083891987457

10 Essalna the Firebug (level 2, -1/19 HPs)
             Began as a Demonspawn Fire Elementalist on Nov 8, 2021.
             Slain by a ball python (3 damage)
             ... on level 2 of the Dungeon.
             The game lasted 00:01:04 (510 turns).

Essalna the Firebug (Demonspawn Fire Elementalist)   Turns: 510, Time: 00:01:05

Health: -1/19      AC:  2    Str:  8    XL:     2   Next: 10%
Magic:  3/5        EV:  9    Int: 16    God:
Gold:   20         SH:  0    Dex: 13    Spells: 4/5 levels left

rFire   . . .      SeeInvis .   c - +0 short sword
rCold   . . .      Faith    .   (no shield)
rNeg    . . .      Spirit   .   a - +0 robe
rPois   .          Reflect  .   (no helmet)
rElec   .          Harm     .   (no cloak)
rCorr   .          Rampage  .   (no gloves)
Will    .....                   (no boots)
Stlth   ++........              e - amulet of regeneration
HPRegen 1.06/turn               (no ring)
MPRegen 0.09/turn               (no ring)

@: constricted
A: hooves 1
a: no special abilities


You were on level 2 of the Dungeon.
You visited 1 branch of the dungeon, and saw 2 of its levels.

You collected 20 gold pieces.

Inventory:

Hand Weapons
 c - a +0 short sword (weapon)
Armour
 a - a +0 robe (worn)
Jewellery
 e - an amulet of regeneration (around neck)
 g - a ring of poison resistance
Scrolls
 b - a scroll of enchant armour {unknown}
 d - a scroll of immolation {unknown}
 f - a scroll of teleportation {unknown}


   Skills:
 - Level 1.7 Dodging
 - Level 1.7 Stealth
 + Level 2.2 Spellcasting
 + Level 1.4 Conjurations
 + Level 2.9 Fire Magic


You had 4 spell levels left.
You knew the following spells:

 Your Spells              Type           Power      Damage    Failure   Level
a - Foxfire               Conj/Fire      32%        2x1d5     9%          1

Your spell library contained the following spells:

 Spells                   Type           Power      Damage    Failure   Level
 Scorch                   Fire           22%        2d6       10%         2
 Conjure Flame            Conj/Fire      8%         6-21      24%         3
 Inner Flame              Hex/Fire       6%         N/A       32%         3
 Flame Wave               Conj/Fire      8%         3d4       63%         4


Dungeon Overview and Level Annotations

Branches:
Dungeon (2/15)

Altars:


Innate Abilities, Weirdness & Mutations

You have large cloven feet.


Message History

You closely miss the goblin. The goblin hits you but does no damage.
The rat bites you.
You closely miss the goblin. The goblin barely misses you.
The rat closely misses you.
You hit the goblin.
You kill the goblin!
The rat bites you but does no damage.
You barely miss the rat. The rat bites you.
You hit the rat but do no damage. You kick the rat.
You kill the rat!
No target in view!
No target in view!
There is a stone staircase leading down here.
You climb downwards.
The hobgoblin shouts!
Found 30 gold pieces.
Found a stone staircase leading down.
There is a stone staircase leading up here.
A giant cockroach comes into view.
The ball python hisses angrily.
The giant cockroach barely misses you.
A ball python comes into view.
The giant cockroach bites you. The ball python barely misses you.
The ball python grabs you. The ball python constricts you.
The hobgoblin hits you but does no damage.
The giant cockroach bites you. The ball python bites you.
The ball python constricts you.
The giant cockroach bites you but does no damage.
The hobgoblin barely misses you. The ball python barely misses you.
The ball python constricts you. The rat bites you.
The giant cockroach closely misses you. The ball python bites you.
The ball python constricts you. The hobgoblin hits you. The rat bites you.
The giant cockroach closely misses you.
The ball python bites you but does no damage.
The ball python constricts you. The hobgoblin hits you.
* * * LOW HITPOINT WARNING * * *
The rat bites you.
* * * LOW HITPOINT WARNING * * *
The giant cockroach barely misses you. The ball python bites you.
You die...

#. . .# .# ..#
####..####
#..B......
#.@S...#
#rgS...#
...>....#
...$.$....#
#.......#....
...........###.
....#....# #
.##......#


You could see a giant cockroach, a hobgoblin, 2 ball pythons and a rat.

Vanquished Creatures
  A dart slug (D:1)
  An endoplasm (D:1)
  A goblin (D:1)
  2 kobolds (D:1)
  2 ball pythons (D:1)
  A frilled lizard (D:1)
  A rat (D:1)
9 creatures vanquished.

Vanquished Creatures (others)
  14 foxfires (D:1)
14 creatures vanquished.

Grand Total: 23 creatures vanquished

Notes
Turn   | Place    | Note
-------+----------+-------------------------------------------
     0 | D:1      | Essalna the Demonspawn Fire Elementalist began the quest
                  | for the Orb.
     0 | D:1      | Reached XP level 1. HP: 13/13 MP: 3/3
   475 | D:1      | Gained mutation: You have large cloven feet. [demonic
                  | ancestry]
   475 | D:1      | Reached XP level 2. HP: 16/19 MP: 0/5
   510 | D:2      | Slain by a ball python

Illustrated notes

Levels and vault maps discovered:
D:1:      scummos_arrival_forest, layout_loops_cross, serial_glass,
          glass_columns_c, glass_columns_c, glass_columns_b, glass_columns_b
D:2:      layout_loops_ring, shapermc_ecumenical_altar_mp_ritualfount,
          minivault_19, uniq_crazy_yiuf_cottage

Action                   || total
-------------------------++-------
Melee: Short sword       ||    20
       Kick              ||     1
 Cast: Foxfire           ||    11
Armor: Robe              ||     7
Dodge: Dodged            ||    18

Table legend: (Time is in decaauts)
 A = Elapsed time spent in this place.
 B = Non-inter-level travel time spent in this place.
 C = Inter-level travel time spent in this place.
 D = Time resting spent in this place.
 E = Time spent auto-exploring this place.
 F = Levels seen in this place.
 G = Mean time per level.
                   A        B        C        D        E       F      G
               +--------+--------+--------+--------+--------+-----+--------+
         Total |    511 |    510 |      1 |      0 |    406 |   2 |  255.5 |
       Dungeon |    511 |    510 |      1 |      0 |    406 |   2 |  255.5 |
               +--------+--------+--------+--------+--------+-----+--------+

Top non-repeatable levels by time:
     D:1: 502 daAuts
     D:2: 8 daAuts
